 Dungeon Crawl Stone Soup version 0.16-a0-2655-g8d144ff (webtiles) character file.

1765 Fiveotanaka the Grappler (level 8, -3/74 HPs)
             Began as a Troll Monk on Nov 23, 2014.
             Was an Elder of Okawaru.
             Slain by an orc warrior
             ... wielding a +0 glaive
              (23 damage)
             ... on level 6 of the Dungeon.
             The game lasted 00:17:32 (4928 turns).

Fiveotanaka the Grappler (Troll Monk)               Turns: 4928, Time: 00:17:32

Health: -3/74      AC:  5    Str: 20    XL:     8   Next: 79%
Magic:  3/3        EV: 13    Int:  6    God:    Okawaru [****..]
Gold:   217        SH:  0    Dex: 14    Spells: 0 memorised, 7 levels left

rFire  . . .     SeeInvis .       - Unarmed
rCold  . . .     Clarity  .     a - +0 robe
rNeg   . . .     SustAb   +     (shield restricted)
rPois  .         Gourm    +     (helmet restricted)
rElec  .         Spirit   .     (no cloak)
rCorr  .         Warding  .     (gloves unavailable)
rMut   .         Stasis   .     (boots unavailable)
MR     .....                    (no amulet)
Stlth  ++........               o - ring of sustain abilities
                                l - ring of wizardry

@: hasted and slowed, not resistant to hostile enchantments, unstealthy
A: unfitting armour, claws 3, fast metabolism 3, gourmand, regeneration 2,
shaggy fur 1, tough skin 2
a: Heroism, Renounce Religion


You were on level 6 of the Dungeon.
You worshipped Okawaru.
Okawaru was greatly pleased with you.
You were not hungry.

You visited 1 branch of the dungeon, and saw 6 of its levels.
You also visited: Sewer.

You collected 217 gold pieces.

Inventory:

Missiles
 d - 129 stones (quivered)
 p - a throwing net
Armour
 a - a +0 robe (worn)
Jewellery
 l - a ring of wizardry (left claw)
 o - a ring of sustain abilities (right claw)
Magical devices
 A - a wand of paralysis (14)
 D - a wand of cold (3)
Scrolls
 c - 6 scrolls of remove curse
 e - 6 scrolls of teleportation
 i - 3 scrolls of enchant weapon {unknown}
 j - 4 scrolls of recharging {unknown}
 q - 2 scrolls of fog {unknown}
 r - 2 scrolls of enchant armour {unknown}
 t - a scroll of noise {unknown}
 v - a scroll of amnesia {unknown}
 y - a scroll of fear {unknown}
 F - a scroll of blinking {unknown}
 I - 6 scrolls of magic mapping
Potions
 g - 4 potions of might
 h - 2 potions of agility
 m - 2 potions of restore abilities
 s - a potion of poison {unknown}
 w - 2 potions of magic {unknown}
 x - 9 potions of curing
 B - a potion of haste
 E - a potion of lignification {unknown}
 H - a potion of mutation {unknown}
 J - a potion of heal wounds {unknown}
Books
 u - a book of the Tempests

   Spells                             Type                      Level
   Static Discharge                   Conjuration/Air              3
   Lightning Bolt                     Conjuration/Air              5
   Fireball                           Conjuration/Fire             5
   Tornado                            Air                          9
   Shatter                            Earth                        9
 G - a book of Enchantments

   Spells                             Type                      Level
   Tukima's Dance                     Hexes                        3
   Cause Fear                         Hexes                        4
   Silence                            Hexes/Air                    5
   Deflect Missiles                   Charms/Air                   6
   Haste                              Charms                       6
   Discord                            Hexes                        8
Comestibles
 b - 4 meat rations
 f - 11 fruits
 n - 3 bread rations
 z - 3 slices of pizza
 C - 2 beef jerkies


   Skills:
 - Level 2.4 Fighting
 + Level 7.1 Dodging
 - Level 1.1 Stealth
 + Level 9.1 Unarmed Combat


You had 7 spell levels left.
You didn't know any spells.

Dungeon Overview and Level Annotations

Branches:
Dungeon (6/15)             Temple (0/1) D:6

Altars:
Dithmenos
Elyvilon
Fedhas
Kikubaaqudgha
Makhleb
Okawaru
Ru
Trog
Xom
Beogh


Innate Abilities, Weirdness & Mutations

You are too large for most types of armour.
You have claws for hands.
Your metabolism is lightning-fast.
You like to eat raw meat.
You heal very quickly.
You are covered in fur (AC +1).
You have very tough skin (AC +2).


Message History

The orc wizard is severely wounded.
The orc wizard closely misses you.
The orc warrior hits you from afar with a glaive!!
You barely miss the orc wizard.
The orc wizard is severely wounded.
The orc wizard hits you with a dagger.
The orc warrior hits you from afar with a glaive!
* * * LOW HITPOINT WARNING * * *
The orc wizard mumbles some strange words.
The orc wizard seems to speed up.
Drink which item? (? for menu, Esc to quit)
You feel better. The orc wizard misses you. The orc warrior closely misses you.
The orc wizard hits you with a dagger.
* * * LOW HITPOINT WARNING * * *
Drink which item? (? for menu, Esc to quit)
You feel yourself speed up.
The orc wizard is no longer bleeding.
The orc wizard casts a spell.
The orc wizard blinks!
The orc warrior hits you from afar with a glaive!!
You die...

....<....# #....###)##
...#.#≈≈.≈# ##.#.+.♣.≈###
#.###≈.♣.'.# ##+# #≈.≈≈#.#
#...###'###.#
.....##.##..######
.)......##......@#
.......####...##§######.#...#
.......'.........o.oo{.o.....
.......####...##.######.#...#
......## ##.....# .....#
##.#### #...# #.# #+# #.# #.#
#.#


You could see an orc warrior.

Vanquished Creatures
  Eustachio (D:5)
  3 ogres
  2 phantoms
  Sigmund (D:5)
  2 giant frogs (Sewer)
  A scorpion (D:5)
  3 hounds
  A crimson imp (D:3)
  A goliath beetle (D:6)
  2 iguanas (D:5)
  An orc priest (D:4)
  A jelly (D:6)
  3 orc wizards
  4 worker ants (D:4)
  A killer bee zombie (D:5)
  A worker ant zombie (D:5)
  7 gnolls (D:2)
  11 river rats
  14 adders
  2 shadow imps
  5 giant mites
  A worm (D:3)
  2 adder skeletons (D:4)
  2 oozes
  11 orcs
  16 ball pythons
  10 bats
  A bat zombie (D:5)
  10 hobgoblins
  3 jackals (D:1)
  A quokka (D:2)
  6 giant cockroaches
  5 giant newts
  A giant spore (D:6)
  7 goblins
  A jackal skeleton (D:5)
  13 kobolds
  A quokka zombie (D:5)
  28 rats
  A ballistomycete (D:6)
187 creatures vanquished.

Notes
Turn   | Place    | Note
--------------------------------------------------------------
     0 | D:1      | Fiveotanaka, the Troll Monk, began the quest for the Orb.
     0 | D:1      | Reached XP level 1. HP: 22/22 MP: 1/1
   187 | D:1      | Reached XP level 2. HP: 29/29 MP: 1/1
   531 | D:2      | Reached XP level 3. HP: 36/36 MP: 2/2
   736 | D:2      | Reached skill level 5 in Unarmed Combat
   737 | D:2      | Reached XP level 4. HP: 23/44 MP: 2/2
   839 | D:2      | Found a white marble altar of Elyvilon.
  1262 | D:2      | Found an iron altar of Okawaru.
  1267 | D:2      | Became a worshipper of Warmaster Okawaru
  1267 | D:2      | Acquired Okawaru's first power
  1417 | D:2      | Found an ancient bone altar of Kikubaaqudgha.
  1417 | D:2      | Found a burning altar of Makhleb.
  1421 | D:2      | Found a blossoming altar of Fedhas.
  1425 | D:2      | Found a shimmering altar of Xom.
  1426 | D:2      | Found a bloodstained altar of Trog.
  1526 | D:3      | Reached XP level 5. HP: 50/50 MP: 2/2
  2101 | D:3      | Found a shadowy altar of Dithmenos.
  2169 | D:3      | Reached skill level 6 in Unarmed Combat
  2398 | D:4      | Reached XP level 6. HP: 51/59 MP: 3/3
  2411 | D:4      | Found a roughly hewn altar of Beogh.
  2567 | D:4      | Noticed an ogre
  2577 | D:4      | Killed an ogre
  2705 | D:4      | Reached skill level 7 in Unarmed Combat
  2929 | D:4      | Reached XP level 7. HP: 54/66 MP: 3/3
  3189 | D:5      | Entered Level 5 of the Dungeon
  3189 | D:5      | Noticed Sigmund
  3195 | D:5      | Killed Sigmund
  3238 | D:5      | Noticed Eustachio
  3257 | D:5      | Killed Eustachio
  3257 | D:5      | Reached skill level 5 in Dodging
  3376 | D:5      | Reached skill level 8 in Unarmed Combat
  3450 | D:5      | Reached XP level 8. HP: 72/74 MP: 3/3
  3496 | D:5      | Found a glowing drain.
  3526 | Sewer    | Entered a sewer
  4286 | D:5      | Found a sacrificial altar of Ru.
  4568 | D:6      | Found a staircase to the Ecumenical Temple.
  4785 | D:6      | Reached skill level 9 in Unarmed Combat
  4928 | D:6      | Slain by an orc warrior

Action                   |  1- 3 |  4- 6 |  7- 9 || total
-------------------------+-------+-------+-------++-------
Melee: Unarmed           |    59 |   138 |   284 ||   481
  Use: Potion            |       |     1 |     2 ||     3
       Scroll            |       |       |     8 ||     8
 Stab: Sleeping          |     1 |     2 |     4 ||     7
  Eat: Chunk             |    11 |    19 |    16 ||    46
